 Dungeon Crawl Stone Soup version 0.25-a0-731-g0472a16d6a (webtiles) character file.

Game seed: 5130941578010877840, levelgen mode: deterministic

1063 vurker the Charmwright (level 8, -3/63 HPs)
             Began as a Gnoll Skald on Apr 8, 2020.
             Slain by Grinder (5 damage)
             ... on level 5 of the Dungeon.
             The game lasted 00:11:03 (6550 turns).

vurker the Charmwright (Gnoll Skald)                Turns: 6550, Time: 00:11:04

Health: -3/63      AC:  7    Str: 13    XL:     8   Next: 27%
Magic:  15/16      EV: 15    Int: 18    God:
Gold:   264        SH:  5    Dex: 15    Spells: 10/18 levels left

rFire    . . .     SeeInvis .   a - +0 spear
rCold    . . .     Gourm    .   s - +0 buckler
rNeg     . . .     Faith    .   b - +0 leather armour
rPois    .         Spirit   .   (no helmet)
rElec    .         Reflect  .   o - +0 cloak
rCorr    .         Harm     .   (no gloves)
MR       .....                  A - +2 pair of boots
Stlth    ++........             (no amulet)
HPRegen  0.20/turn              r - ring of wizardry
MPRegen  0.15/turn              (no ring)

@: about to teleport, hasted, very quick
A: distributed training, fangs 1, strong nose
a: no special abilities


You were on level 5 of the Dungeon.
You were not hungry.

You visited 1 branch of the dungeon, and saw 5 of its levels.
You also visited: Ossuary.

You collected 264 gold pieces.

Inventory:

Hand Weapons
 a - a +0 spear (weapon)
Armour
 b - a +0 leather armour (worn)
 o - a +0 cloak (worn)
   (You found it on level 2 of the Dungeon)
 s - a +0 buckler (worn)
   (You found it on level 2 of the Dungeon)
 A - a +2 pair of boots (worn)
   (You found it on level 4 of the Dungeon)
Jewellery
 r - a ring of wizardry (left hand)
   (You found it on level 2 of the Dungeon)
Scrolls
 g - 4 scrolls of immolation {unknown}
 j - a scroll of teleportation
 m - 2 scrolls of identify
 n - 2 scrolls of random uselessness {unknown}
 q - 4 scrolls of remove curse {unknown}
 t - a scroll of enchant armour {unknown}
 u - a scroll of magic mapping
 x - 2 scrolls of fog {unknown}
 y - 3 scrolls of enchant weapon
Potions
 c - 5 potions of curing
 d - 3 potions of brilliance {unknown}
 f - 3 potions of flight
 h - a potion of cancellation
 i - 2 potions of heal wounds {unknown}
 k - a potion of resistance {unknown}
 l - a potion of might {unknown}
 p - 2 potions of haste
 z - a potion of invisibility
Comestibles
 e - 6 rations
 w - 3 chunks of flesh


   Skills:
 + Level 5.5 Fighting
 + Level 3.0 Short Blades
 + Level 3.0 Long Blades
 + Level 3.0 Axes
 + Level 3.0 Maces & Flails
 + Level 5.5 Polearms
 + Level 3.0 Staves
 + Level 3.0 Slings
 + Level 3.0 Bows
 + Level 3.0 Crossbows
 + Level 3.0 Throwing
 + Level 4.0 Armour
 + Level 5.5 Dodging
 + Level 3.0 Stealth
 + Level 3.0 Shields
 + Level 3.0 Unarmed Combat
 + Level 5.9 Spellcasting
 + Level 2.4 Conjurations
 + Level 2.4 Hexes
 + Level 6.0 Charms
 + Level 2.4 Summonings
 + Level 2.4 Necromancy
 + Level 2.4 Translocations
 + Level 2.4 Transmutations
 + Level 2.4 Fire Magic
 + Level 2.4 Ice Magic
 + Level 2.4 Air Magic
 + Level 2.4 Earth Magic
 + Level 2.4 Poison Magic
 + Level 3.3 Invocations
 + Level 3.0 Evocations


You had 10 spell levels left.
You knew the following spells:

 Your Spells              Type           Power        Failure   Level  Hunger
a - Spectral Weapon       Hex/Chrm       ###.....     3%          3    ##.....
b - Infusion              Chrm           ####         1%          1    None
q - Song of Slaying       Chrm           ####....     1%          2    None
w - Blink                 Tloc           N/A          4%          2    None

Your spell library contained the following spells:

 Spells                   Type           Power        Failure   Level  Hunger
 Shroud of Golubria       Chrm/Tloc      ###...       1%          2    None
 Magic Dart               Conj           ##..         2%          1    None
 Ozocubu's Armour         Chrm/Ice       ###.....     3%          3    ##.....
 Call Imp                 Summ           ##......     4%          2    None
 Slow                     Hex            ##......     4%          2    None
 Conjure Flame            Conj/Fire      ##......     8%          3    ##.....
 Mephitic Cloud           Conj/Pois/Air  ##......     8%          3    ##.....


Dungeon Overview and Level Annotations

Branches:
Dungeon (5/15)            Ossuary (visited)
 Temple: D:4-7

Altars:
Kikubaaqudgha
Qazlal
Ru

Annotations:
D:5 Grinder


Innate Abilities, Weirdness & Mutations

Your experience applies equally to all skills.
You have very sharp teeth.
Your uncanny sense of smell can sniff out nearby items.


Message History

* * * LOW HITPOINT WARNING * * *
You writhe in agony.
* * * LOW HITPOINT WARNING * * *
Okay, then.
Here: Grinder (lightly wounded, fast)
The floor.
Unknown command.
Unknown command.
Unknown command.
You feel yourself speed up. Grinder gestures at you.
You suddenly lose the ability to move!
The worker ant bites you but does no damage.
Grinder blinks!
The worker ant bites you but does no damage.
Grinder blinks!
The worker ant bites you.
* * * LOW HITPOINT WARNING * * *
You can move again.
You feel better. Grinder gestures at you. You resist with some effort.
The worker ant bites you.
* * * LOW HITPOINT WARNING * * *
Unknown command.
You hit Grinder but do no damage.
Your spectral weapon barely misses Grinder.
Grinder gestures at you.
You struggle to resist.
The worker ant bites you but does no damage.
You closely miss Grinder.
Your spectral weapon fades away.
Grinder gestures at you. You resist with some effort.
You barely miss Grinder. The worker ant bites you.
* * * LOW HITPOINT WARNING * * *
Grinder gestures at you. Pain shoots through your body!
* * * LOW HITPOINT WARNING * * *
As you read the scroll of fear, it crumbles to dust.
You assume a fearsome visage.
Grinder is unaffected.
The worker ant looks frightened!
Grinder gestures at you.
You struggle to resist.
Unknown command.
Okay, then.
As you read the scroll of teleportation, it crumbles to dust.
You feel strangely unstable.
Grinder is no longer moving quickly.
Grinder hits you.
You die...

***,,* **,.+#######'# #. *,**
***#.* #.###. ***,* *,,,.##
#..#.. *,,,**##**,**..# ##..).
***,*,,,..,,,**#.# ##..†.#
**,,,****#.**** #.# ##...###
**,,,..####?* #.####....#
*,,,,.......######.......#.#**
*,,,,,,,,*#a.@.....[..........
*,,,,...(.$.5#...........##.##
**,,,..#.###..######...#.....#
**,,,,,#,* ##.#* #.#........
*,,,,,,,,* *#..* *#.#####(.##
*,,,,,,,****...#***..# *...#
*,,,,,,,**,,._..,*#.##****,..#
**,,,,,***,......,,,*,,,,,,,,,
**,,,***,,,,,,,,,,,,,**,,,,,,


You could see Grinder and a worker ant (fleeing).

Vanquished Creatures
  3 ogres
  A bullfrog (D:3)
  A scorpion (D:5)
  A howler monkey (D:4)
  4 centaur zombies (Ossuary)
  2 hounds
  An orc priest (D:3)
  2 iguanas (D:4)
  2 worker ants (D:4)
  A big kobold zombie (Ossuary)
  An ogre zombie (Ossuary)
  7 mummies (Ossuary)
  A worker ant zombie (D:5)
  3 adders
  4 gnolls (D:2)
  3 oozes (D:4)
  3 adder zombies (Ossuary)
  2 worms
  3 leopard geckos
  8 orcs
  2 ball pythons (D:3)
  A giant cockroach (D:4)
  5 goblins
  8 hobgoblins
  12 jackals
  7 quokkas
  8 bats
  2 frilled lizards
  5 goblin zombies (Ossuary)
  2 hobgoblin zombies (Ossuary)
  4 kobolds
  3 kobold zombies (Ossuary)
  8 quokka zombies (Ossuary)
  5 rats
  3 rat zombies (Ossuary)
128 creatures vanquished.

Vanquished Creatures (others)
  A spectral weapon (Ossuary)
1 creature vanquished.

Grand Total: 129 creatures vanquished

Notes
Turn   | Place    | Note
-------+----------+-------------------------------------------
     0 | D:1      | vurker the Gnoll Skald began the quest for the Orb.
     0 | D:1      | Reached XP level 1. HP: 20/20 MP: 6/6
   172 | D:1      | Reached XP level 2. HP: 23/26 MP: 7/7
  1087 | D:2      | Reached XP level 3. HP: 27/31 MP: 9/9
  1206 | D:2      | Reached skill level 5 in Spellcasting
  1299 | D:2      | Reached skill level 1 in Invocations
  1480 | D:2      | Reached skill level 1 in Short Blades
  1480 | D:2      | Reached skill level 1 in Long Blades
  1480 | D:2      | Reached skill level 1 in Axes
  1480 | D:2      | Reached skill level 1 in Maces & Flails
  1480 | D:2      | Reached skill level 1 in Staves
  1480 | D:2      | Reached skill level 1 in Slings
  1480 | D:2      | Reached skill level 1 in Bows
  1480 | D:2      | Reached skill level 1 in Crossbows
  1480 | D:2      | Reached skill level 1 in Throwing
  1480 | D:2      | Reached skill level 1 in Stealth
  1480 | D:2      | Reached skill level 1 in Shields
  1480 | D:2      | Reached skill level 1 in Unarmed Combat
  1480 | D:2      | Reached skill level 1 in Evocations
  1488 | D:2      | Reached XP level 4. HP: 34/38 MP: 3/11
  1738 | D:2      | Learned a level 2 spell: Song of Slaying
  1742 | D:2      | Learned a level 3 spell: Spectral Weapon
  1987 | D:2      | Found a sacrificial altar of Ru.
  2081 | D:2      | Reached skill level 1 in Conjurations
  2081 | D:2      | Reached skill level 1 in Hexes
  2081 | D:2      | Reached skill level 1 in Summonings
  2081 | D:2      | Reached skill level 1 in Necromancy
  2081 | D:2      | Reached skill level 1 in Translocations
  2081 | D:2      | Reached skill level 1 in Transmutations
  2081 | D:2      | Reached skill level 1 in Fire Magic
  2081 | D:2      | Reached skill level 1 in Ice Magic
  2081 | D:2      | Reached skill level 1 in Air Magic
  2081 | D:2      | Reached skill level 1 in Earth Magic
  2081 | D:2      | Reached skill level 1 in Poison Magic
  2867 | D:3      | Noticed a bullfrog
  2883 | D:3      | Killed a bullfrog
  2883 | D:3      | Reached XP level 5. HP: 15/43 MP: 5/12
  3626 | D:3      | Reached XP level 6. HP: 49/50 MP: 9/13
  3948 | D:4      | Reached skill level 5 in Fighting
  3948 | D:4      | Reached skill level 5 in Polearms
  3948 | D:4      | Reached skill level 5 in Dodging
  4142 | D:4      | Found a stormy altar of Qazlal.
  4558 | D:4      | Reached XP level 7. HP: 28/56 MP: 12/15
  5127 | D:5      | Entered Level 5 of the Dungeon
  5189 | D:5      | Found a sand-covered staircase.
  5197 | Ossuary  | Entered an ossuary
  5841 | Ossuary  | Learned a level 2 spell: Blink
  6209 | Ossuary  | Reached XP level 8. HP: 63/63 MP: 12/16
  6245 | Ossuary  | Reached skill level 6 in Charms
  6525 | D:5      | Found an ancient bone altar of Kikubaaqudgha.
  6526 | D:5      | Noticed Grinder
  6527 | D:5      | Paralysed by Grinder for 4 turns
  6541 | D:5      | Paralysed by Grinder for 3 turns
  6548 | D:5      | HP: 2/63 [Grinder/nerve-wracking pain (11)]
  6550 | D:5      | Slain by Grinder

Levels and vault maps discovered:
D:1:      erik_arrival_cave_to_civilisation [erik_arrival_cave_to_hall],
          layout_basic
D:2:      wad_woods_settlement, layout_basic, first_ration, serial_rivers,
          chequers_serial_rivers_micro_c, chequers_serial_rivers_small_3,
          chequers_serial_rivers_small_b, chequers_serial_rivers_large_a,
          chequers_serial_rivers_small_b, chequers_serial_rivers_room_b,
          nicolae_ru_the_path_less_chosen
D:3:      layout_rooms
D:4:      layout_loops_cross, nicolae_qazlal_general_emergency
D:5:      layout_rooms, nicolae_overflow_hidden_temple, slow_altar_1,
          grunt_temple_overflow_open, nicolae_ossuary_entry_false_entrances,
          uniq_grinder

Skill      XL: |  1  2  3  4  5  6  7  8 |
---------------+-------------------------+-----
Spellcasting   | 5 |  5.9
Invocations    | 1 2 3 |  3.3
Short Blades   | 1 2 3 |  3.0
Long Blades    | 1 2 3 |  3.0
Axes           | 1 2 3 |  3.0
Maces & Flails | 1 2 3 |  3.0
Staves         | 1 2 3 |  3.0
Slings         | 1 2 3 |  3.0
Bows           | 1 2 3 |  3.0
Crossbows      | 1 2 3 |  3.0
Throwing       | 1 2 3 |  3.0
Stealth        | 1 2 3 |  3.0
Shields        | 1 2 3 |  3.0
Unarmed Combat | 1 2 3 |  3.0
Evocations     | 1 2 3 |  3.0
Conjurations   | 1 2 |  2.4
Hexes          | 1 2 |  2.4
Summonings     | 1 2 |  2.4
Necromancy     | 1 2 |  2.4
Translocations | 1 2 |  2.4
Transmutations | 1 2 |  2.4
Fire Magic     | 1 2 |  2.4
Ice Magic      | 1 2 |  2.4
Air Magic      | 1 2 |  2.4
Earth Magic    | 1 2 |  2.4
Poison Magic   | 1 2 |  2.4
Armour         | 3 4 |  4.0
Fighting       | 5 |  5.5
Polearms       | 5 |  5.5
Dodging        | 5 |  5.5
Charms         | 6 |  6.0

Action                   |  1- 3 |  4- 6 |  7- 9 || total
-------------------------+-------+-------+-------++-------
Melee: Spear             |    98 |   222 |   328 ||   648
       Bite              |    10 |    26 |    39 ||    75
 Cast: Infusion          |     5 |     3 |     2 ||    10
       Spectral Weapon   |       |    14 |    15 ||    29
       Song of Slaying   |       |       |     1 ||     1
  Use: Scroll            |       |       |    14 ||    14
       Potion            |       |       |     2 ||     2
 Stab: Sleeping          |     1 |     1 |    12 ||    14
       Distracted        |       |     3 |     4 ||     7
  Eat: Chunk             |     2 |    10 |     5 ||    17
       Ration            |       |       |     1 ||     1
Armor: Leather armour    |     9 |    23 |    52 ||    84
Dodge: Dodged            |    51 |   100 |   119 ||   270
Block: Buckler           |       |    25 |    55 ||    80

Table legend:
 A = Non-vault XP
 B = Vault XP
 C = Vault XP percentage of total XP
 D = Non-vault monster count
 E = Vault monster count
 F = Vault count percentage of total count
                 A         B        C        D         E       F
            +---------+---------+-------+---------+---------+-------
      Total |    1060 |     459 |  30.2 |      84 |      44 |  34.4
            +---------+---------+-------+---------+---------+-------
        D:1 |      18 |       0 |   0.0 |      11 |       0 |   0.0
        D:2 |      67 |      63 |  48.5 |      23 |       7 |  23.3
        D:3 |     177 |       0 |   0.0 |      24 |       0 |   0.0
        D:4 |     545 |       0 |   0.0 |      21 |       0 |   0.0
        D:5 |     253 |       0 |   0.0 |       5 |       0 |   0.0
    Ossuary |       0 |     396 | 100.0 |       0 |      37 | 100.0
            +---------+---------+-------+---------+---------+-------
